 Dungeon Crawl Stone Soup version 0.30.1-11-g7821555f0a (webtiles) character file.

Game seed: 9086518754148067660

8579 Peloso the Carver (level 11, 0/97 HPs)
             Began as a Minotaur Fighter on Nov 10, 2023.
             Was an Elder of Okawaru.
             Slain by a manticore (9 damage)
             ... on level 9 of the Dungeon.
             The game lasted 00:17:03 (10634 turns).

Peloso the Carver (Minotaur Fighter)               Turns: 10634, Time: 00:17:03

Health: 0/97       AC: 15    Str: 22    XL:     11   Next: 11%
Magic:  11/11      EV:  9    Int:  5    God:    Okawaru [****..]
Gold:   409        SH:  6    Dex: 13    Spells: 10/10 levels left

rFire   . . .        a - +4 long sword
rCold   . . .        d - +0 buckler
rNeg    . . .        c - +2 chain mail {Will+}
rPois   .            (helmet restricted)
rElec   .            (no cloak)
rCorr   .            h - +0 pair of gloves
SInv    +            (no boots)
Will    +....        (no amulet) Stlth
                     p - ring of see invisible
HPRegen 0.36/turn    (no ring)
MPRegen 0.12/turn

%: no passive effects
@: no status effects
A: horns 2, retaliatory headbutt
a: Renounce Religion, Heroism, Finesse


You were on level 9 of the Dungeon.
You worshipped Okawaru.
Okawaru was greatly pleased with you.
You visited 2 branches of the dungeon, and saw 11 of its levels.
You also visited: Sewer.

You collected 409 gold pieces.

Inventory:

Hand Weapons
 a - a +4 long sword (weapon)
 b - a +3 long sword
Missiles
 q - 2 throwing nets (quivered)
Armour
 c - a +2 chain mail of willpower (worn)
 d - a +0 buckler (worn)
 f - a +0 plate armour
 h - a +0 pair of gloves (worn)
Jewellery
 j - a ring of resist corrosion
 p - a ring of see invisible (left hand)
 x - a +6 ring of intelligence
 A - a ring of wizardry
 B - a +6 ring of strength
 D - a +4 ring of protection
 F - an amulet of magic regeneration
Wands
 E - a wand of iceblast (3)
Scrolls
 e - 8 scrolls of teleportation
 g - a scroll of immolation
 k - a scroll of silence {unknown}
 l - a scroll of poison
 n - a scroll of fog {unknown}
 s - a scroll of fear {unknown}
 v - a scroll of magic mapping {unknown}
 y - 5 scrolls of identify
Potions
 i - a potion of might
 m - a potion of cancellation
 o - a potion of ambrosia
 r - 2 potions of magic
 u - a potion of degeneration {unknown}
 w - 2 potions of lignification {unknown}
 z - a potion of brilliance {unknown}
 C - a potion of invisibility
 G - a potion of resistance {unknown}


   Skills:
 + Level 9.4 Fighting
 + Level 12.8 Long Blades
 + Level 11.1 Armour
 + Level 2.8 Dodging
 + Level 0.7 Stealth
 + Level 8.7 Shields
 + Level 2.1 Invocations


You had 10 spell levels left.
You didn't know any spells.
Your spell library contained the following spells:

 Spells                   Type           Power      Damage    Failure   Level
 Beastly Appendage        Tmut           0%         N/A       96%         1
 Kiss of Death            Conj/Necr      0%         2d5       96%         1
 Magic Dart               Conj           0%         1d3       96%         1
 Blink                    Tloc           0%         N/A       99%         2
 Lesser Beckoning         Tloc           0%         N/A       99%         2
 Momentum Strike          Conj/Tloc      0%         3d8       99%         2
 Scorch                   Fire           0%         2d5       99%         2
 Wereblood                Tmut           0%         N/A       99%         2
 Confusing Touch          Hex            0%         N/A       100%        3
 Mephitic Cloud           Conj/Pois/Air  0%         N/A       100%        3
 Spider Form              Tmut/Pois      0%         N/A       100%        3
 Dispel Undead            Necr           0%         3d6       100%        4
 Flame Wave               Conj/Fire      0%         2d4       100%        4
 Passage of Golubria      Tloc           0%         N/A       100%        4
 Petrify                  Tmut/Erth      0%         N/A       100%        4
 Metabolic Englaciation   Hex/Ice        0%         N/A       100%        5
 Silence                  Hex/Air        0%         N/A       100%        5
 Statue Form              Tmut/Erth      0%         N/A       100%        6
 Lehudib's Crystal Spear  Conj/Erth      0%         10d2      100%        8
 Call Imp                 Summ           Unusable   N/A       N/A         2
 Summon Cactus Giant      Summ           Unusable   N/A       N/A         6

Dungeon Overview and Level Annotations

Branches:
Dungeon (10/15)            Temple (1/1) D:6            Lair (0/5) D:8
  Sewer (visited)
    Orc: D:9-12

Altars:
Cheibriados
Fedhas
Gozag
Hepliaklqana
Kikubaaqudgha
Makhleb
Nemelex Xobeh
Okawaru
Qazlal
Ru
Sif Muna
Uskayaw
Xom
Yredelemnul

Shops:
D:1 (

Annotations:
D:5 2 runed translucent doors, Peloso's ghost, novice MiFi
D:10 Erica


Innate Abilities, Weirdness & Mutations

You have a pair of horns on your head.
You reflexively headbutt those who attack you in melee.


Message History

* * * LOW HITPOINT WARNING * * *
The acid dragon bites you but does no damage.
The acid dragon claws you but does no damage.
You feel better.
You are no longer corroded.
The manticore misses you. You block the manticore's attack.
The manticore completely misses you.
The acid dragon bites you but does no damage.
The acid dragon claws you.
* * * LOW HITPOINT WARNING * * *
You feel better. The manticore barely misses you.
You block the manticore's attack.
The manticore claws you but does no damage.
The acid dragon bites you but does no damage.
The acid dragon claws you but does no damage.
Unknown command.
You hit the acid dragon but do no damage.
Your headbutt misses the acid dragon.
The acid dragon is almost dead.
The manticore bites you but does no damage.
The manticore claws you!
* * * LOW HITPOINT WARNING * * *
You block the manticore's attack.
The acid dragon bites you but does no damage.
The acid dragon barely misses you.
You slash the acid dragon!
You kill the acid dragon!
Okawaru accepts your kill.
The acid dragon scales are intact enough to wear.
You block the manticore's attack. The manticore closely misses you.
The manticore claws you.
* * * LOW HITPOINT WARNING * * *
Okay, then.
Unknown command.
Unknown command.
You hit the manticore. You headbutt the manticore.
The manticore is lightly wounded.
The manticore barely misses you. You furiously retaliate!
You headbutt the manticore. The manticore claws you!
You die...

##+#####.# ......##.# ≈≈.≈≈.##.#
≈.≈.≈.##.## .≈#≈..'...#
≈(≈.≈.#...# ≈≈.≈≈.#...#
##############
......#...#########(...........#
##'####.........@.........######
...............[.H........#
.............##########...#
........###### #...# .........#
#...# ≈§≈§≈≈≈≈.# #...#
.......≈.# #...## .≈.≈≈≈.≈.#
#[...#
.≈...≈.§.##############....#


You could see a manticore.

Vanquished Creatures
  A two-headed ogre (D:10)
  Urug (D:10)
  A faun (shapeshifter) (D:10)
  Psyche (D:8)
  A gargoyle (D:10)
  3 trolls
  2 wyverns (D:10)
  6 yaks (D:10)
  2 wraiths
  2 steam dragons
  Eustachio (D:6)
  2 vampire mosquitoes (D:10)
  4 water moccasins
  An acid dragon (D:9)
  6 orc warriors
  3 sky beasts
  A black bear (D:7)
  2 centaurs
  4 kobold brigands
  A bullfrog (D:8)
  A scorpion (D:4)
  12 wights (D:7)
  4 howler monkeys
  3 iron imps (D:3)
  2 jellies
  A gnoll bouda (D:3)
  4 orc priests
  A hound (D:5)
  2 sleepcaps
  Terence (D:2)
  4 iguanas (D:5)
  7 orc wizards
  7 gnolls
  10 adders
  2 white imps (D:6)
  2 dart slugs
  29 orcs
  13 ball pythons
  10 endoplasms
  10 giant cockroaches
  3 goblins
  4 hobgoblins
  3 jackals (D:5)
  28 kobolds
  7 quokkas
  7 bats
  4 frilled lizards
  8 rats
  A spectral orc (D:9)
235 creatures vanquished.

Vanquished Creatures (others)
  An orc priest (D:8)
  A sleepcap (D:8)
2 creatures vanquished.

Grand Total: 237 creatures vanquished

Notes
Turn   | Place    | Note
-------+----------+-------------------------------------------
     0 | D:1      | Peloso the Minotaur Fighter began the quest for the Orb.
     0 | D:1      | Reached XP level 1. HP: 19/19 MP: 0/0
   106 | D:1      | Reached XP level 2. HP: 27/27 MP: 1/1
   227 | D:1      | Found Deopterch's Antique Weapon Shop.
   705 | D:2      | Reached XP level 3. HP: 33/33 MP: 2/2
   967 | D:2      | Noticed Terence
   972 | D:2      | Killed Terence
   973 | D:2      | Reached skill level 3 in Long Blades
   973 | D:2      | Reached XP level 4. HP: 39/41 MP: 3/3
  1259 | D:3      | Identified the +1 quarterstaff of Duty {heavy, rElec rC+
                  | Stlth+}
  1332 | D:3      | Reached XP level 5. HP: 40/47 MP: 4/4
  1452 | D:3      | Found a burning altar of Makhleb.
  1470 | D:3      | Reached skill level 4 in Long Blades
  1473 | D:3      | Reached skill level 5 in Fighting
  1484 | D:3      | Reached XP level 6. HP: 33/56 MP: 5/5
  2138 | D:4      | Reached skill level 5 in Long Blades
  2138 | D:4      | Reached skill level 5 in Armour
  2138 | D:4      | Reached skill level 1 in Dodging
  2165 | D:4      | Found a glowing drain.
  2222 | Sewer    | Entered a sewer
  2464 | Sewer    | Reached skill level 5 in Shields
  2835 | Sewer    | Reached XP level 7. HP: 60/62 MP: 6/6
  2882 | D:4      | Reached skill level 6 in Long Blades
  3168 | D:4      | HP: 1/62 [orc warrior/+0 trident (13)]
  3691 | D:4      | Found a shimmering blue altar of Sif Muna.
  3765 | D:5      | Entered Level 5 of the Dungeon
  3773 | D:5      | Reached skill level 7 in Long Blades
  4021 | D:5      | Reached XP level 8. HP: 70/71 MP: 7/7
  4147 | D:5      | Found a runed translucent door.
  4149 | D:5      | Noticed Peloso's ghost (novice MiFi)
  4224 | D:5      | Found a runed translucent door.
  4877 | D:6      | Found a sacrificial altar of Ru.
  4886 | D:6      | Found a staircase to the Ecumenical Temple.
  4913 | Temple   | Entered the Ecumenical Temple
  4972 | Temple   | Became a worshipper of Warmaster Okawaru
  5029 | D:6      | Reached skill level 8 in Long Blades
  5032 | D:6      | Noticed Eustachio
  5074 | D:6      | Killed Eustachio
  5232 | D:6      | Reached * piety under Okawaru
  5558 | D:6      | Found an opulent altar of Gozag.
  5560 | D:6      | Found a sparkling altar of Nemelex Xobeh.
  5597 | D:6      | Found a shimmering altar of Xom.
  6162 | D:7      | Reached skill level 9 in Long Blades
  6162 | D:7      | Reached XP level 9. HP: 58/77 MP: 8/8
  7258 | D:7      | Reached skill level 1 in Invocations
  7821 | D:8      | Reached skill level 10 in Long Blades
  7852 | D:8      | Reached ** piety under Okawaru
  7867 | D:8      | Noticed Psyche
  8029 | D:8      | Killed Psyche
  8187 | D:8      | Found a snail-covered altar of Cheibriados.
  8362 | D:8      | Found a staircase to the Lair.
  8449 | D:9      | Found a stormy altar of Qazlal.
  8577 | D:9      | Noticed a troll
  8585 | D:9      | Killed a troll
  8766 | D:9      | Found a basalt altar of Yredelemnul.
  8801 | D:9      | Reached XP level 10. HP: 88/88 MP: 9/9
  9382 | D:10     | Entered Level 10 of the Dungeon
  9401 | D:10     | Reached skill level 10 in Armour
  9408 | D:10     | Noticed Urug
  9421 | D:10     | Killed Urug
  9422 | D:10     | Reached skill level 11 in Long Blades
  9684 | D:10     | Reached *** piety under Okawaru
 10074 | D:10     | Noticed a gargoyle
 10074 | D:10     | Noticed a manticore
 10089 | D:10     | Reached skill level 12 in Long Blades
 10089 | D:10     | Noticed a two-headed ogre
 10109 | D:10     | Killed a gargoyle
 10113 | D:10     | Noticed a death drake
 10313 | D:10     | Noticed a faun
 10325 | D:10     | Killed a faun
 10325 | D:10     | Reached **** piety under Okawaru
 10593 | D:10     | Killed a two-headed ogre
 10594 | D:10     | Reached XP level 11. HP: 77/97 MP: 8/11
 10599 | D:10     | Noticed Erica
 10628 | D:9      | HP: 3/97 [acid dragon/splash of acid (17)]
 10634 | D:9      | Slain by a manticore

Illustrated notes

Levels and vault maps discovered:
D:1:      lordsloth_arrival_two_stooges, layout_loops_cross, serial_shops,
          nicolae_shop_hallway_plus, minmay_pentomino_q4
D:2:      layout_rooms, uniq_terence
D:3:      layout_basic, demons_altar, grunt_ministairs_15
D:4:      layout_cave_pools, kennysheep_orc_sif_temple, gup_sewer_entry_pipe,
          guppyfry_early_orc_mine
D:5:      layout_basic, ebering_ghost_sewer_f, minmay_holes,
          nicolae_elevator_lobby_plus
D:6:      layout_cave_pools, nicolae_ru_awakened_eye,
          nicolae_overflow_hidden_temple, temple_pool_b, uniq_eustachio
D:7:      layout_loops_ring, serial_co_window_serial, co_window_paths_a,
          co_window_corner_a, co_window_paths_a, co_window_corner_a,
          co_window_paths_a, co_window_corner_a, co_window_paths_b,
          co_window_corner_a, co_window_paths_a, co_window_corner_b,
          co_window_paths_c, co_window_broadway_a, co_window_2corner,
          co_window_broadway_c, co_window_paths_d
D:8:      layout_cave_pools, mainiacjoe_overflow_six_doors_small,
          lair_entry_dummy, corner_web_ring, uniq_psyche
D:9:      layout_irregular_city, mainiacjoe_overflow_concentric_impassable,
          yredelemnul_forgotten_temple_becter, kennysheep_generic_room_9
D:10:     minmay_bloctagon, layout_loops_ring, nicolae_tso_swordbearing_angel,
          uniq_erica, uniq_urug
Temple:   hellmonk_temple_beads

Skill      XL: |  1  2  3  4  5  6  7  8  9 10 |
---------------+-------------------------------+-----
Fighting       | 4 5 6 7 8 9 |  9.4
Armour         | 4 5 6 8 9 11 | 11.1
Shields        | 4 5 6 7 8 |  8.7
Long Blades    | 3 4 5 7 9 10 12 | 12.8
Dodging        | 1 2 |  2.8
Invocations    | 1 2 |  2.1
Stealth        | |  0.7

Action                     |  1- 3 |  4- 6 |  7- 9 | 10-12 || total
---------------------------+-------+-------+-------+-------++-------
  Melee: Long sword        |    74 |   190 |   377 |   221 ||   862
         Headbutt          |    14 |    21 |    81 |    45 ||   161
 Invoke: Heroism           |       |       |     5 |     4 ||     9
    Use: Potion            |     1 |     2 |     2 |     4 ||     9
         Scroll            |       |     4 |     4 |     1 ||     9
 Armour: Scale mail        |    27 |       |       |       ||    27
         Chain mail        |     7 |   130 |    49 |    45 ||   231
         Plate armour      |       |       |   226 |    78 ||   304
  Dodge: Dodged            |    33 |    73 |   154 |    89 ||   349
  Block: Buckler           |    19 |    44 |   105 |    63 ||   231
